 Dungeon Crawl Stone Soup version 0.22.1-1-ga44c0e56f4 (webtiles) character file.

128 Reeggar the Covered (level 4, 0/38 HPs)
             Began as a Demigod Fighter on Oct 24, 2018.
             Succumbed to an adder's poison
             ... on level 3 of the Dungeon.
             The game lasted 00:06:39 (1725 turns).

Reeggar the Covered (Demigod Fighter)               Turns: 1725, Time: 00:06:40

Health: 0/38       AC:  6    Str: 21    XL:     4   Next: 57%
Magic:  6/6        EV:  8    Int: 12    God:
Gold:   57         SH:  9    Dex: 15    Spells: 3/3 levels left

rFire    . . .     SeeInvis .   a - +0 flail
rCold    . . .     Gourm    .   c - +0 shield
rNeg     . . .     Faith    .   b - +0 scale mail
rPois    .         Spirit   .   (no helmet)
rElec    .         Reflect  .   (no cloak)
rCorr    .         Harm     .   (no gloves)
MR       .....                  (no boots)
Stlth    ..........             (no amulet)
HPRegen  0.12/turn              h - ring of flight
MPRegen  0.10/turn              (no ring)

@: lethally poisoned (0 -> -3)
A: high mp 1
a: Evoke Flight


You were on level 3 of the Dungeon.
You were not hungry.

You visited 1 branch of the dungeon, and saw 3 of its levels.

You collected 57 gold pieces.

Inventory:

Hand Weapons
 a - a +0 flail (weapon)
Armour
 b - a +0 scale mail (worn)
 c - a +0 shield (worn)
Jewellery
 h - a ring of flight (left hand)
Scrolls
 d - a scroll of amnesia {unknown}
 k - a scroll of noise {unknown}
 l - 6 scrolls of identify
 m - a scroll of teleportation {unknown}
Potions
 e - a potion of agility {unknown}
 i - a potion of curing {unknown}
 j - a potion of invisibility {unknown}
Comestibles
 f - 4 rations


   Skills:
 + Level 3.4 Fighting
 + Level 2.3 Maces & Flails
 + Level 3.5 Armour
 + Level 1.2 Dodging
 + Level 0.1 Stealth
 + Level 3.1 Shields


You had 3 spell levels left.
You didn't know any spells.
Your spell library was empty.

Dungeon Overview and Level Annotations

Branches:
Dungeon (3/15)


Innate Abilities, Weirdness & Mutations

You have an increased reservoir of magic. (+10% MP)


Message History

The leopard gecko bites you.
* * * LOW HITPOINT WARNING * * *
The adder bites you.
* * * LOW HITPOINT WARNING * * *
The leopard gecko bites you.
* * * LOW HITPOINT WARNING * * *
The orc shouts!
You hit the worm.
The worm is moderately wounded.
* * * LOW HITPOINT WARNING * * *
You feel sick. You block the adder's attack.
The leopard gecko barely misses you. You block the worm's attack.
The adder completely misses you.
The orc throws a tomahawk.
The tomahawk hits you but does no damage.
You thump the adder!
You kill the adder!
You block the leopard gecko's attack. x2; The worm bites you.
* * * LOW HITPOINT WARNING * * *
Your shield and scale mail prevent you from hitting the rat.
You die...

# #.#####
####.....###
........rr@#
....#..#(lw..# .
#?.#...o.#
..........#
.....#.......
.......#.....##.
....#......### #
....######.#


You could see a worm, an orc, a leopard gecko and 2 rats.

Vanquished Creatures
  Jessica (D:2)
  Terence (D:2)
  An adder (D:3)
  An ooze (D:2)
  A worm (D:2)
  2 dart slugs (D:1)
  A leopard gecko (D:1)
  2 giant cockroaches
  8 goblins
  3 hobgoblins
  12 jackals
  3 bats (D:2)
  3 frilled lizards
  7 kobolds
  5 rats
51 creatures vanquished.

Vanquished Creatures (others)
  A goblin (D:1)
1 creature vanquished.

Grand Total: 52 creatures vanquished

Notes
Turn   | Place    | Note
-------+----------+-------------------------------------------
     0 | D:1      | Reeggar the Demigod Fighter began the quest for the Orb.
     0 | D:1      | Reached XP level 1. HP: 18/18 MP: 3/3
    81 | D:1      | Reached XP level 2. HP: 15/25 MP: 4/4
   609 | D:1      | Reached XP level 3. HP: 27/31 MP: 5/5
   742 | D:2      | Reached skill level 1 in Dodging
   742 | D:2      | Noticed Jessica
   758 | D:2      | Killed Jessica
  1133 | D:2      | Reached XP level 4. HP: 31/38 MP: 6/6
  1408 | D:2      | Found an ornate altar of the Wu Jian Council.
  1408 | D:2      | Found a shadowy altar of Dithmenos.
  1543 | D:2      | Noticed Terence
  1566 | D:2      | Killed Terence
  1724 | D:3      | HP: 1/38 [worm (1)]
  1725 | D:3      | Succumbed to an adder's poison

Skill      XL: |  1  2  3 |
---------------+----------+-----
Maces & Flails | 2 |  2.3
Shields        | 3 |  3.1
Fighting       | 3 |  3.4
Armour         | 3 |  3.5
Dodging        | 1 |  1.2
Stealth        | |  0.1

Action                   |  1- 3 |  4- 6 || total
-------------------------+-------+-------++-------
Melee: Flail             |   133 |    74 ||   207
  Use: Potion            |     1 |       ||     1
       Scroll            |       |     1 ||     1
  Eat: Chunk             |     1 |     1 ||     2
       Ration            |       |     1 ||     1
Armor: Scale mail        |    69 |    39 ||   108
Dodge: Dodged            |    63 |    43 ||   106
Block: Shield            |   106 |    49 ||   155
